[ AOE2 MATCH · #507983023 ]
UnrankedItalians vs Ethiopians
Player's team · WIN
Rival team · LOSS
[ REPLAY ANALYSIS · EXTRACTED FROM THE RECORDED GAME ]
Feudal
8:52
Castle
21:24
Imperial
40:04
| APM avg | 43.1 |
| APM peak | 122 |
| eAPM avg | 25.7 |
| Villagers / military | 137 / 113 |
Focus
⚔️ 43.1% · 🌾 56.9%
Unknown (882) ×85 · Skirmisher ×49 · Archer ×39 · Trebuchet (Packed) ×7 · Mangonel ×6 · Scorpion ×4
Feudal
10:31
Castle
16:01
Imperial
33:18
| APM avg | 43.9 |
| APM peak | 95 |
| eAPM avg | 30.6 |
| Villagers / military | 162 / 164 |
Focus
⚔️ 40.0% · 🌾 60.0%
Skirmisher ×72 · Archer ×36 · Spearman ×16 · Bombard Cannon ×13 · Shotel Warrior ×13 · Monk ×4
Match map
Initial resources + every placement click. Lines = walls · curves = elevation contours. ◆ gold · ⬟ stone · ● berries · ✦ relic · ◌ wall gap
Your base· ✓ Closed at 21:24 · 26t walls · 3 gate(s)
Tumber's base· ✓ Closed at 16:01 · 14t walls · 3 gate(s)
Smoothed initial terrain · ◌ = detected wall gap · hover for details
Inputs per minute
— [o.p.]King_Marv - - Tumber
Build order — [o.p.]King_Marv
First 150 of 469 actions detected
| 0:00 | Queue | Villager (Male) |
| 0:01 | Queue | Villager (Male) |
| 0:01 | Queue | Villager (Male) |
| 0:01 | Queue | Villager (Male) |
| 0:01 | Queue | Villager (Male) |
| 0:02 | Build | House |
| 0:03 | Build | House |
| 1:42 | Queue | Villager (Male) |
| 1:42 | Queue | Villager (Male) |
| 1:57 | Queue | Villager (Male) |
| 2:25 | Queue | Villager (Male) |
| 2:46 | Queue | Villager (Male) |
| 3:02 | Queue | Villager (Male) |
| 3:26 | Build | Lumber Camp |
| 3:28 | Queue | Villager (Male) |
| 3:49 | Queue | Villager (Male) |
| 3:55 | Build | House |
| 4:03 | Queue | Villager (Male) |
| 4:27 | Queue | Villager (Male) |
| 4:45 | Queue | Villager (Male) |
| 5:18 | Queue | Villager (Male) |
| 5:18 | Research | Loom |
| 6:03 | Build | Mill |
| 6:39 | Research | Feudal Age |
| 7:00 | Build | House |
| 7:57 | Build | Barracks |
| 8:23 | Queue | Militia |
| 8:23 | Queue | Militia |
| 8:23 | Queue | Militia |
| 8:52 | Age | Feudal Age |
| 8:58 | Queue | Villager (Male) |
| 8:59 | Queue | Villager (Male) |
| 9:09 | Build | Mining Camp |
| 9:18 | Build | House |
| 9:35 | Research | Man-at-Arms (upgrade) |
| 9:40 | Build | Watch Tower |
| 9:41 | Queue | Villager (Male) |
| 10:05 | Queue | Villager (Male) |
| 10:24 | Queue | Villager (Male) |
| 10:44 | Build | House |
| 10:54 | Queue | Villager (Male) |
| 11:22 | Build | Watch Tower |
| 11:28 | Build | Watch Tower |
| 11:34 | Build | Watch Tower |
| 11:35 | Queue | Villager (Male) |
| 11:35 | Queue | Villager (Male) |
| 11:53 | Queue | Villager (Male) |
| 12:11 | Research | Horse Collar |
| 12:17 | Build | Watch Tower |
| 12:33 | Build | Farm |
| 12:35 | Build | Farm |
| 12:37 | Build | Farm |
| 12:38 | Build | Farm |
| 12:54 | Queue | Villager (Male) |
| 12:55 | Queue | Villager (Male) |
| 12:55 | Queue | Villager (Male) |
| 13:29 | Queue | Villager (Male) |
| 13:32 | Build | Farm |
| 13:33 | Build | Farm |
| 13:34 | Build | Farm |
| 13:39 | Build | House |
| 13:39 | Build | House |
| 13:46 | Queue | Villager (Male) |
| 13:55 | Build | Blacksmith |
| 14:12 | Queue | Villager (Male) |
| 14:35 | Queue | Villager (Male) |
| 14:50 | Build | Mining Camp |
| 15:16 | Queue | Villager (Male) |
| 15:18 | Build | Farm |
| 15:37 | Queue | Villager (Male) |
| 15:53 | Build | Market |
| 16:39 | Queue | Villager (Male) |
| 16:39 | Queue | Villager (Male) |
| 16:48 | Build | Watch Tower |
| 17:01 | Queue | Villager (Male) |
| 17:36 | Queue | Villager (Male) |
| 18:01 | Build | Watch Tower |
| 18:06 | Queue | Villager (Male) |
| 18:36 | Research | Castle Age |
| 19:12 | Build | Stone Wall |
| 19:16 | Build | Stone Wall |
| 19:29 | Build | House |
| 19:37 | Research | Fletching |
| 19:40 | Research | Double-Bit Axe |
| 20:25 | Build | Gate |
| 20:25 | Build | Stone Wall |
| 20:26 | Build | Stone Wall |
| 20:27 | Build | Stone Wall |
| 21:13 | Build | Stable |
| 21:24 | Age | Castle Age |
| 21:26 | Queue | Villager (Male) |
| 21:26 | Queue | Villager (Male) |
| 21:32 | Build | Siege Workshop |
| 21:51 | Build | Stone Wall |
| 21:56 | Queue | Knight |
| 22:01 | Queue | Villager (Male) |
| 22:05 | Build | Town Center |
| 22:10 | Queue | Villager (Male) |
| 22:17 | Queue | Mangonel |
| 22:23 | Build | Outpost |
| 22:26 | Build | Outpost |
| 22:27 | Research | Town Watch |
| 22:30 | Queue | Villager (Male) |
| 22:39 | Build | Gate |
| 22:44 | Build | Outpost |
| 23:19 | Queue | Mangonel |
| 23:24 | Build | House |
| 23:25 | Queue | Villager (Male) |
| 23:25 | Queue | Villager (Male) |
| 23:27 | Queue | Villager (Male) |
| 23:27 | Queue | Villager (Male) |
| 24:07 | Queue | Villager (Male) |
| 24:08 | Queue | Villager (Male) |
| 24:27 | Queue | Scorpion |
| 24:27 | Queue | Scorpion |
| 24:30 | Queue | Villager (Male) |
| 24:51 | Queue | Villager (Male) |
| 24:55 | Build | Farm |
| 24:58 | Queue | Villager (Male) |
| 24:58 | Queue | Villager (Male) |
| 25:38 | Build | Castle |
| 25:44 | Queue | Villager (Male) |
| 25:45 | Queue | Villager (Male) |
| 25:46 | Queue | Villager (Male) |
| 25:49 | Queue | Knight |
| 25:53 | Build | House |
| 26:24 | Queue | Villager (Male) |
| 26:24 | Queue | Villager (Male) |
| 26:36 | Queue | Mangonel |
| 27:07 | Build | Siege Workshop |
| 27:07 | Queue | Villager (Male) |
| 27:08 | Queue | Villager (Male) |
| 27:16 | Queue | Mangonel |
| 27:42 | Queue | Villager (Male) |
| 27:42 | Queue | Villager (Male) |
| 28:04 | Queue | Mangonel |
| 28:10 | Build | Watch Tower |
| 28:14 | Queue | Villager (Male) |
| 28:15 | Queue | Villager (Male) |
| 28:17 | Build | Farm |
| 28:18 | Build | Farm |
| 28:43 | Queue | Villager (Male) |
| 28:47 | Build | Farm |
| 28:47 | Build | Farm |
| 28:47 | Build | Farm |
| 28:47 | Build | Farm |
| 28:48 | Build | Farm |
| 28:48 | Build | Farm |
| 28:48 | Build | Farm |
| 28:48 | Build | Farm |
Build order — Tumber
First 150 of 530 actions detected
| 0:01 | Queue | Villager (Male) |
| 0:01 | Queue | Villager (Male) |
| 0:02 | Build | House |
| 0:02 | Build | House |
| 0:21 | Queue | Villager (Male) |
| 0:21 | Queue | Villager (Male) |
| 1:30 | Queue | Villager (Male) |
| 1:42 | Queue | Villager (Male) |
| 1:49 | Build | Lumber Camp |
| 2:14 | Queue | Villager (Male) |
| 2:42 | Queue | Villager (Male) |
| 3:13 | Queue | Villager (Male) |
| 3:36 | Queue | Villager (Male) |
| 3:49 | Build | House |
| 3:50 | Build | House |
| 4:03 | Queue | Villager (Male) |
| 4:22 | Queue | Villager (Male) |
| 4:40 | Build | Mill |
| 4:45 | Queue | Villager (Male) |
| 5:16 | Queue | Villager (Male) |
| 5:46 | Queue | Villager (Male) |
| 6:13 | Queue | Villager (Male) |
| 6:21 | Build | Farm |
| 6:22 | Build | Farm |
| 6:23 | Build | Farm |
| 6:29 | Queue | Villager (Male) |
| 6:59 | Queue | Villager (Male) |
| 7:21 | Queue | Villager (Male) |
| 7:42 | Research | Loom |
| 7:56 | Research | Feudal Age |
| 8:13 | Build | Mining Camp |
| 8:42 | Build | Barracks |
| 9:35 | Build | House |
| 9:38 | Queue | Villager (Male) |
| 9:54 | Build | House |
| 10:06 | Build | Palisade Wall |
| 10:09 | Build | Palisade Wall |
| 10:15 | Build | Palisade Wall |
| 10:21 | Build | House |
| 10:31 | Age | Feudal Age |
| 10:41 | Build | Blacksmith |
| 10:45 | Build | House |
| 10:50 | Queue | Villager (Male) |
| 11:13 | Queue | Villager (Male) |
| 11:41 | Build | Watch Tower |
| 11:44 | Build | House |
| 11:48 | Build | House |
| 11:49 | Queue | Villager (Male) |
| 12:19 | Queue | Villager (Male) |
| 12:22 | Build | Market |
| 12:27 | Build | Watch Tower |
| 12:32 | Build | Palisade Wall |
| 12:44 | Queue | Villager (Male) |
| 13:21 | Research | Castle Age |
| 13:57 | Build | Mining Camp |
| 14:10 | Research | Fletching |
| 14:37 | Build | Farm |
| 14:51 | Build | Farm |
| 15:23 | Research | Double-Bit Axe |
| 15:56 | Queue | Villager (Male) |
| 16:01 | Age | Castle Age |
| 16:18 | Build | Palisade Wall |
| 16:33 | Queue | Villager (Male) |
| 16:48 | Build | Town Center |
| 16:55 | Build | Town Center |
| 16:56 | Queue | Villager (Male) |
| 17:00 | Queue | Villager (Male) |
| 17:06 | Build | Farm |
| 17:06 | Build | Farm |
| 17:14 | Build | Palisade Wall |
| 17:21 | Build | House |
| 17:23 | Queue | Villager (Male) |
| 17:35 | Queue | Villager (Male) |
| 17:56 | Queue | Villager (Male) |
| 18:22 | Build | Watch Tower |
| 18:38 | Queue | Villager (Male) |
| 18:57 | Build | Town Center |
| 19:24 | Build | Farm |
| 19:25 | Build | Farm |
| 19:26 | Build | Farm |
| 19:26 | Build | Farm |
| 19:28 | Build | Farm |
| 19:28 | Build | Farm |
| 19:32 | Queue | Villager (Male) |
| 19:32 | Queue | Villager (Male) |
| 19:41 | Queue | Villager (Male) |
| 19:46 | Build | Farm |
| 20:09 | Build | Farm |
| 20:09 | Build | Farm |
| 20:20 | Queue | Villager (Male) |
| 20:20 | Queue | Villager (Male) |
| 20:39 | Queue | Villager (Male) |
| 20:39 | Queue | Villager (Male) |
| 20:44 | Build | Farm |
| 21:04 | Queue | Villager (Male) |
| 21:04 | Queue | Villager (Male) |
| 21:21 | Queue | Villager (Male) |
| 21:21 | Queue | Villager (Male) |
| 21:25 | Build | Farm |
| 21:25 | Build | Farm |
| 21:28 | Build | House |
| 21:34 | Queue | Villager (Male) |
| 21:34 | Queue | Villager (Male) |
| 21:39 | Build | Palisade Wall |
| 21:48 | Queue | Villager (Male) |
| 21:57 | Queue | Villager (Male) |
| 21:57 | Queue | Villager (Male) |
| 22:11 | Queue | Spearman |
| 22:19 | Build | Mill |
| 22:21 | Queue | Villager (Male) |
| 22:21 | Queue | Villager (Male) |
| 22:28 | Queue | Villager (Male) |
| 22:28 | Queue | Villager (Male) |
| 22:40 | Build | Monastery |
| 22:43 | Queue | Villager (Male) |
| 22:44 | Queue | Villager (Male) |
| 22:55 | Build | Farm |
| 22:55 | Build | Farm |
| 22:58 | Queue | Villager (Male) |
| 23:00 | Build | Farm |
| 23:01 | Build | Farm |
| 23:11 | Queue | Villager (Male) |
| 23:18 | Build | Siege Workshop |
| 23:22 | Queue | Spearman |
| 23:25 | Queue | Villager (Male) |
| 23:25 | Queue | Villager (Male) |
| 23:36 | Queue | Monk |
| 23:37 | Queue | Monk |
| 23:38 | Queue | Villager (Male) |
| 23:52 | Queue | Spearman |
| 24:04 | Queue | Villager (Male) |
| 24:07 | Queue | Battering Ram |
| 24:12 | Queue | Mangonel |
| 24:15 | Queue | Spearman |
| 24:21 | Queue | Villager (Male) |
| 24:21 | Queue | Villager (Male) |
| 24:41 | Queue | Villager (Male) |
| 24:54 | Queue | Mangonel |
| 24:55 | Queue | Villager (Male) |
| 25:00 | Build | Watch Tower |
| 25:02 | Queue | Villager (Male) |
| 25:23 | Queue | Villager (Male) |
| 25:26 | Queue | Villager (Male) |
| 25:32 | Queue | Villager (Male) |
| 25:36 | Queue | Villager (Male) |
| 25:42 | Queue | Mangonel |
| 25:43 | Queue | Villager (Male) |
| 25:44 | Queue | Villager (Male) |
| 25:48 | Queue | Spearman |
| 25:48 | Queue | Spearman |
Match timeline
| 7:57 | [o.p.]King_Marv · first_building Barracks |
| 8:42 | Tumber · first_building Barracks |
| 8:52 | [o.p.]King_Marv · age_up feudal |
| 10:06 | Tumber · wall_segment Palisade Wall x4 |
| 10:09 | Tumber · wall_segment Palisade Wall x5 |
| 10:15 | Tumber · wall_segment Palisade Wall x4 |
| 10:31 | Tumber · age_up feudal |
| 12:32 | Tumber · wall_segment Palisade Wall x1 |
| 13:16 | Tumber · first_market_sell 100 food |
| 13:18 | Tumber · first_market_buy 100 food |
| 16:01 | Tumber · age_up castle |
| 16:18 | Tumber · wall_segment Palisade Wall x1 |
| 17:14 | Tumber · wall_segment Palisade Wall x1 |
| 17:41 | [o.p.]King_Marv · first_market_sell 100 wood |
| 17:42 | [o.p.]King_Marv · first_market_buy 100 food |
| 19:12 | [o.p.]King_Marv · wall_segment Stone Wall x15 |
| 19:16 | [o.p.]King_Marv · wall_segment Stone Wall x4 |
| 20:25 | [o.p.]King_Marv · wall_segment Stone Wall x1 |
| 20:26 | [o.p.]King_Marv · wall_segment Stone Wall x1 |
| 20:27 | [o.p.]King_Marv · wall_segment Stone Wall x5 |
| 21:13 | [o.p.]King_Marv · first_building Stable |
| 21:24 | [o.p.]King_Marv · age_up castle |
| 21:32 | [o.p.]King_Marv · first_building Siege Workshop |
| 21:39 | Tumber · wall_segment Palisade Wall x1 |
| 21:51 | [o.p.]King_Marv · wall_segment Stone Wall x1 |
| 22:40 | Tumber · first_building Monastery |
| 23:18 | Tumber · first_building Siege Workshop |
| 25:38 | [o.p.]King_Marv · first_building Castle |
| 27:30 | Tumber · wall_segment Stone Wall x14 |
| 30:42 | [o.p.]King_Marv · first_building Monastery |
| 32:53 | Tumber · first_building Castle |
| 33:18 | Tumber · age_up imperial |
| 34:26 | [o.p.]King_Marv · first_building Archery Range |
| 34:56 | [o.p.]King_Marv · wall_segment Stone Wall x22 |
| 35:31 | Tumber · first_building Archery Range |
| 35:53 | [o.p.]King_Marv · wall_segment Stone Wall x6 |
| 36:08 | [o.p.]King_Marv · wall_segment Stone Wall x8 |
| 36:44 | [o.p.]King_Marv · wall_segment Stone Wall x7 |
| 37:17 | [o.p.]King_Marv · wall_segment Stone Wall x1 |
| 37:24 | [o.p.]King_Marv · wall_segment Stone Wall x12 |
| 38:53 | Tumber · wall_segment Stone Wall x23 |
| 40:04 | [o.p.]King_Marv · age_up imperial |
| 52:20 | Tumber · wall_segment Stone Wall x1 |
| 52:20 | Tumber · wall_segment Stone Wall x1 |
| 52:56 | Tumber · resign |
[ AI ANALYSIS · 1 CREDIT ]
What really happened in this match?
Wolo.gg analyzes every decision: build order, eco, micro, common mistakes by bracket. Personalized analysis on WhatsApp or Discord in 30 seconds.
Civ guide
Italians
Perfil
Jugador #1787077